 Dungeon Crawl Stone Soup version 0.31-a0-198-g2ad674f65e (webtiles) character file.

Game seed: 18442138765019732686

228 qw the Skirmisher (level 5, -2/30 HPs)
             Began as a Deep Elf Hunter on June 25, 2023.
             Slain by a goblin
             ... wielding a +0 dagger
             ... led by Robin
              (5 damage)
             ... on level 2 of the Dungeon.
             The game lasted 00:00:32 (1766 turns).

qw the Skirmisher (Deep Elf Hunter)                 Turns: 1766, Time: 00:00:32

Health: -2/30      AC:  5    Str: 10    XL:     5   Next: 70%
Magic:  7/7        EV: 11    Int: 14    God:
Gold:   125        SH:  0    Dex: 18    Spells: 4/4 levels left

rFire   . . .        Y - +0 shortbow
rCold   . . .        (shield currently unavailable)
rNeg    . . .        k - +0 ring mail
rPois   .            (no helmet)
rElec   .            (no cloak)
rCorr   .            (no gloves)
SInv    .            (no boots)
Will    .....        j - amulet of the acrobat
Stlth   +            (no ring)
HPRegen 0.25/turn    (no ring)
MPRegen 0.10/turn

%: acrobat
@: no status effects
A: no striking features
a: no special abilities


You were on level 2 of the Dungeon.
You visited 1 branch of the dungeon, and saw 2 of its levels.

You collected 125 gold pieces.


   Skills:
 + Level 1.7 Fighting
 - Level 9.2 Ranged Weapons
 - Level 2.4 Dodging
 - Level 1.2 Stealth


You had 4 spell levels left.
You didn't know any spells.
Your spell library was empty.

Inventory:

Hand Weapons
 Y - a +0 shortbow (weapon)
Armour
 b - a +1 robe of fire resistance
 k - a +0 ring mail (worn)
Jewellery
 j - an amulet of the acrobat (around neck)
Scrolls
 a - a scroll of enchant armour {unknown}
 i - 3 scrolls of identify
Potions
 f - a potion of curing
 h - a potion of brilliance {unknown}

Dungeon Overview and Level Annotations

Branches:
Dungeon (2/15)

Altars:

Annotations:
D:2 Robin


Message History

You shoot an arrow. The arrow barely misses Robin.
The goblin closely misses you. The goblin hits you with a +0 dagger.
The goblin hits you but does no damage. Robin closely misses you.
You shoot an arrow. The arrow hits Robin.
Robin is moderately wounded.
The goblin misses you.
The goblin hits you but does no damage. x2
Robin throws the goblin at you!
A goblin comes into view. It is wielding a +0 dagger.
You shoot an arrow. The arrow hits Robin.
Robin is heavily wounded.
The goblin closely misses you. The goblin hits you but does no damage.
The goblin barely misses you. Robin hits you but does no damage.
You shoot an arrow.
The arrow hits Robin but does no damage.
Robin is heavily wounded.
The goblin hits you with a +0 dagger.
Robin roars a battlecry!
The goblins go into a battle-frenzy!
The goblin closely misses you. The goblin hits you but does no damage.
You hear a shout! x2
You shoot an arrow.
The arrow hits Robin but does no damage.
Robin is heavily wounded.
The goblin closely misses you. The goblin misses you.
The goblin hits you with a +0 club.
You shoot an arrow.
The arrow hits Robin but does no damage.
Robin is heavily wounded.
The goblin barely misses you.
The goblin hits you but does no damage. x2
Robin hits you but does no damage.
A goblin comes into view. It is wielding a +0 dagger.
The goblin closely misses you. The goblin hits you but does no damage.
Robin misses you. The goblin hits you with a +0 dagger.
The goblin hits you with a +0 club. The goblin hits you with a +0 dagger.
You shoot an arrow.
The arrow hits Robin but does no damage.
Robin is heavily wounded.
The goblin barely misses you. The goblin closely misses you. x2
The goblin hits you with a +0 dagger.
You die...

##...........##..
#.##............#
............[...
#.[...........# ##
#.#.##.......# ..
#...###.....## .#
#.#.###....## g#
.......##.#######g#
#.##...........g@g#
#.##............gg......
#.#######.#######.######
#.# #.....# .#
#.#####.....# .#
#..........<# .#
#.#####.....# .#
.....##...<.# .#
####.####.#.# #.#


You could see Robin and 5 goblins.

Vanquished Creatures
  Sigmund (D:2)
  Natasha (D:2)
  An adder (D:2)
  2 dart slugs (D:2)
  An orc (D:2)
  4 ball pythons
  3 bats (D:2)
  An endoplasm (D:2)
  3 giant cockroaches
  5 goblins
  A hobgoblin (D:2)
  6 jackals
  4 kobolds
33 creatures vanquished.

Notes
Turn   | Place    | Note
-------+----------+-------------------------------------------
     0 | D:1      | qw the Deep Elf Hunter began the quest for the Orb.
     0 | D:1      | Reached XP level 1. HP: 12/12 MP: 3/3
     0 | D:1      | 0 ||| qw: Version: 0.3-a-22-g0ed2b0b
     0 | D:1      | 0 ||| qw: Game counter: 4887
     0 | D:1      | 0 ||| qw: Melee chars always use a shield: true
     0 | D:1      | 0 ||| qw: God list: Okawaru
     0 | D:1      | 0 ||| qw: Allow faded altars: false
     0 | D:1      | 0 ||| qw: Do Orc after clearing Dungeon:15 true
     0 | D:1      | 0 ||| qw: Do second Lair branch before Depths: true
     0 | D:1      | 0 ||| qw: Lair rune preference: random
     0 | D:1      | 0 ||| qw: Goals: Normal
     0 | D:1      | 0 ||| PLANNING D:1-11
   831 | D:1      | Reached XP level 2. HP: 16/16 MP: 4/4
   837 | D:1      | Reached skill level 6 in Ranged Weapons
  1162 | D:1      | 1162 ||| UPGRADING to +0 ring mail.
  1172 | D:1      | 1172 ||| DROPPING +0 leather armour.
  1173 | D:1      | 1173 ||| DROPPING amulet of magic regeneration.
  1174 | D:1      | 1174 ||| UPGRADING to amulet of the acrobat.
  1179 | D:1      | 1179 ||| READING scroll labelled PIEBOROA NAERE.
  1180 | D:1      | 1180 ||| READING scroll labelled BOBONE XEKHAH.
  1181 | D:1      | 1181 ||| READING 2 scrolls labelled CAIMUQ ZOOBYTS.
  1182 | D:1      | 1182 ||| READING scroll labelled VINYINU PIATZA.
  1187 | D:1      | 1187 ||| DRINKING 2 emerald potions.
  1188 | D:1      | 1188 ||| DROPPING scroll of butterflies.
  1339 | D:2      | Reached XP level 3. HP: 20/20 MP: 5/5
  1366 | D:2      | 1366 ||| FLEEEEING.
  1367 | D:2      | 1367 ||| FLEEEEING.
  1368 | D:2      | 1368 ||| FLEEEEING.
  1553 | D:2      | Noticed Natasha
  1558 | D:2      | Killed Natasha
  1559 | D:2      | Reached skill level 7 in Ranged Weapons
  1593 | D:2      | Noticed Sigmund
  1598 | D:2      | Killed Sigmund
  1599 | D:2      | Reached skill level 9 in Ranged Weapons
  1599 | D:2      | Reached XP level 4. HP: 25/25 MP: 6/6
  1599 | D:2      | Reached XP level 5. HP: 29/29 MP: 7/7
  1751 | D:2      | Noticed Robin
  1765 | D:2      | HP: 7/30 [goblin/+0 dagger[Robin] (2)]
  1765 | D:2      | HP: 2/30 [goblin/+0 dagger[Robin] (3)]
  1766 | D:2      | Slain by a goblin

Levels and vault maps discovered:
D:1:      eino_arrival_tree_alley, layout_basic, serial_aquarium,
          aquarium_bridge_long_separate [aquarium_subvault_window,
          aquarium_subvault_window, aquarium_subvault_bridge,
          aquarium_subvault_wall, aquarium_subvault_bridge,
          aquarium_subvault_wall], aquarium_bridge_island_large
          [aquarium_subvault_large_open, aquarium_subvault_bridge,
          aquarium_subvault_bridge, aquarium_subvault_bridge,
          aquarium_subvault_balcony], aquarium_window_2, aquarium_window_double,
          aquarium_window_corner, aquarium_window_3, aquarium_view_2b,
          aquarium_view_2d, aquarium_balcony_5b, aquarium_pool_four,
          hangedman_feature_mirror
D:2:      layout_loops_ring, minmay_surrounded, uniq_robin, uniq_sigmund,
          uniq_natasha

Skill      XL: |  1  2  3 |
---------------+----------+-----
Ranged Weapons | 6 9 |  9.2
Fighting       | |  1.7
Dodging        | |  2.4
Stealth        | |  1.2

Action                     |  1- 3 |  4- 6 || total
---------------------------+-------+-------++-------
   Fire: Shortbow          |   102 |    18 ||   120
    Use: Scroll            |     4 |       ||     4
         Potion            |     1 |       ||     1
 Armour: Leather armour    |     2 |       ||     2
         Ring mail         |     9 |    19 ||    28
  Dodge: Dodged            |    37 |    22 ||    59

Table legend:
 A = Non-vault XP
 B = Vault XP
 C = Vault XP percentage of total XP
 D = Non-vault monster count
 E = Vault monster count
 F = Vault count percentage of total count
                 A         B        C        D         E       F
            +---------+---------+-------+---------+---------+-------
      Total |      62 |     264 |  81.0 |      27 |       6 |  18.2
            +---------+---------+-------+---------+---------+-------
        D:1 |      18 |       0 |   0.0 |      10 |       0 |   0.0
        D:2 |      44 |     264 |  85.7 |      17 |       6 |  26.1
            +---------+---------+-------+---------+---------+-------
